[Event "Early-Titled-Tuesday-Blitz-August-29-2023"]
[Site "Chess.com"]
[Date "2023.08.29"]
[Round "6"]
[White "Fraler15"]
[Black "Mmukka"]
[Result "0-1"]
[WhiteElo "2250"]
[BlackElo "2437"]
[TimeControl "180+1"]
[EndTime "9:07:01 PDT"]
[Termination "Mmukka won on time"]

1. d4 d5 2. c4 e6 3. Nc3 dxc4 4. e4 c5 5. d5 exd5 6. exd5 Nf6 7. Bxc4 Bd6 8. Nf3 O-O 9. O-O a6 10. a4 Bg4 11.
Bg5 Re8 12. Qd3 Nbd7 13. Nd2 h6 14. Bh4 Ne5 15. Qc2 g5 16. Bg3 Bh5 17. Rfe1 Bg6 18. Qb3 Qc7 19. a5 Re7 20. Nde4 Nxe4 21. Nxe4 Bxe4 22.
Rxe4 f5 23. Rxe5 f4 24. Re6 fxg3 25. hxg3 Rf8 26. Rae1 Ref7 27. R1e2 Rf6 28. Qd3 Qf7 29. Rxf6 Qxf6 30. Qe4 Kg7 31. Bd3 Rh8 32. b3 h5 33.
Qe6 Bf8 34. Qd7+ Qf7 35. Qe6 h4 36. gxh4 Rxh4 37. Re5 Qf6 38. Qd7+ Kg8 39. Rf5 Qa1+ 40. Bf1 Qg7 41. Qe6+ Kh8 42. Rf7 Qh6 43. Qe5+ Kg8 44.
Rxf8+ Kxf8 45. f3 Rh1+ 46. Kf2 Qh4+ 47. Ke2 Qd4 0-1

[Event "Early-Titled-Tuesday-Blitz-August-29-2023"]
[Site "Chess.com"]
[Date "2023.08.29"]
[Round "6"]
[White "Dewarfd"]
[Black "scandalgod"]
[Result "0-1"]
[WhiteElo "2191"]
[BlackElo "2505"]
[TimeControl "180+1"]
[EndTime "9:07:02 PDT"]
[Termination "scandalgod won on time"]

1. d4 d5 2. e3 Nf6 3. Nf3 Bg4 4. h3 Bh5 5. g4 Bg6 6. Ne5 e6 7. h4 Nbd7 8. h5 Be4 9. f3 Nxe5 10. dxe5 Nxg4 11. fxe4 Nxe5 12. exd5 exd5 13. Nc3 c6 14.
Bg2 Be7 15. Bd2 Bh4+ 16. Ke2 O-O 17. Qf1 Bg5 18. Qf5 Nc4 19. b3 Nxd2 20. Kxd2 Re8 21. Rae1 Bf6 22. h6 Qa5 23. Qd3 g6 24. Rhf1 Be5 25.
a3 Rad8 26. Rb1 d4 27. Ke2 dxc3 28. Qc4 Qa6 29. Qxa6 Rd2+ 30. Kf3 bxa6 31. Rf2 Red8 32. Rbf1 f5 33. Bh3 Kf7 34. Rxd2 Rxd2 35. Rf2 Kf6 36. Rxd2 cxd2 37. Ke2 Bc3 38. b4 Ke5 39. Bg2 Kd6 40. Bf3 a5 41. Kd3 axb4 42. Kc4 g5 43. axb4 g4 44. Be2 g3 45. Kxc3 g2 46. Kxd2 g1=Q 47. c4 Qh2 48. Kd3 c5 49. b5 Qxh6 50. Bf3 Qf6 51. Bd5 Qe5 0-1

[Event "Early-Titled-Tuesday-Blitz-August-29-2023"]
[Site "Chess.com"]
[Date "2023.08.29"]
[Round "6"]
[White "SAInt_666"]
[Black "KrokerGuy"]
[Result "1-0"]
[WhiteElo "2672"]
[BlackElo "2499"]
[TimeControl "180+1"]
[EndTime "9:07:05 PDT"]
[Termination "SAInt_666 won by resignation"]

1. e4 e5 2. Bc4 Nf6 3. d3 Nc6 4.
Nc3 Bc5 5. f4 O-O 6. Nf3 Ng4 7.
Ng5 d6 8. f5 Ne3 9. Qh5 h6 10.
Nxf7 Nxg2+ 11. Kf1 Qh4 12. Qf3 Ne1 13. Qg3 Qxg3 14.
hxg3 Rxf7 15. Kxe1 Nd4 16. Kd1 c6 17. Bxf7+ Kxf7 18.
Ne2 Nf3 19. Rf1 Nh2 20. Rh1 Nf3 21. c3 d5 22. Kc2 dxe4 23. dxe4 b6 24. b4 Be7 25. Be3 Ba6 26. Ng1 Ng5 27. Bxg5 Bxg5 28. Nf3 Bf6 29. Rhe1 Rd8 30. Rad1 Ke8 31. Rxd8+ Kxd8 32. Kb3 Kc7 33. c4 Bc8 34. Kc3 Bd7 35. g4 Be8 36. Rg1 Kd7 37. a3 Ke7 38. Rg2 g5 39. Rh2 Bg7 40. Ne1 Kf6 41. Nd3 Ke7 42. Nf2 Kf7 43.
Nh1 Ke7 44. Ng3 Bf7 45. Nh5 Bxh5 46. Rxh5 Kd7 47. Kd3 Ke7 48. Ke3 Kf6 49. Rh1 Bf8 50. Rd1 Ke7 51. Kd3 Bg7 52. Kc3 Bf8 53. Kb3 Bg7 54.
a4 Bf8 55. a5 b5 56. cxb5 cxb5 57. Rd5 a6 58. Rxe5+ 1-0

[Event "Early-Titled-Tuesday-Blitz-August-29-2023"]
[Site "Chess.com"]
[Date "2023.08.29"]
[Round "6"]
[White "kasun_bole"]
[Black "jsdbv18"]
[Result "0-1"]
[WhiteElo "2337"]
[BlackElo "2611"]
[TimeControl "180+1"]
[EndTime "9:07:05 PDT"]
[Termination "jsdbv18 won by resignation"]

1. d4 Nf6 2. c4 e6 3. Nf3 d5 4.
Nc3 Be7 5. Bg5 h6 6. Bxf6 Bxf6 7.
cxd5 exd5 8. e3 a5 9. Rc1 O-O 10. Be2 c6 11. O-O Bf5 12. Qb3 Ra7 13. Na4 Nd7 14. a3 Re8 15. Bd3 Bxd3 16. Qxd3 Be7 17. Ne5 Bd6 18. Nxd7 Qxd7 19. Nc5 Qe7 20. Rc2 a4 21. Qc3 f5 22. g3 g6 23. Rfc1 h5 24. h4 Kf7 25. Kf1 Bb8 26. b4 axb3 27. Qxb3 Bd6 28. Rb2 Rea8 29. Nxb7 Bxa3 30. Rxc6 Bxb2 31.
Nd6+ Kg7 32. Qxb2 Ra6 33. Rxa6 Rxa6 34. Qb7 Qxb7 35. Nxb7 Kf6 36. Kg2 Ra2 37. Kf3 g5 38.
hxg5+ Kxg5 39. Nc5 Kf6 40. Nd3 Kg5 41. Nf4 Ra5 42.
Ne6+ Kh6 43. Kf4 Kg6 44. Kf3 Rb5 45. Nc7 Ra5 46. Ne6 Kf6 47. Nf4 Kg5 48. Ne6+ Kh6 49.
Kf4 Kg6 50. Ke5 Ra2 51. Nf4+ Kg5 52. Nh3+ Kg4 53. Nf4 Rxf2 54. Nxd5 Kxg3 55. Nf6 h4 56. d5 h3 57. d6 Ra2 58. e4 h2 59. Kxf5 h1=Q 60.
e5 Qf1+ 61. Ke6 Qc4+ 62. Ke7 Re2 63. Nd7 Kf4 64. Kf6 Qd5 65. Ke7 Kf5 0-1

[Event "Early-Titled-Tuesday-Blitz-August-29-2023"]
[Site "Chess.com"]
[Date "2023.08.29"]
[Round "6"]
[White "Zhani-Z"]
[Black "Gyulamiryan-koryun"]
[Result "0-1"]
[WhiteElo "2324"]
[BlackElo "2076"]
[TimeControl "180+1"]
[EndTime "9:07:05 PDT"]
[Termination "Gyulamiryan-koryun won by checkmate"]

1. e4 c5 2. Nf3 d6 3. Bb5+ Bd7 4. Bxd7+ Qxd7 5. O-O Nc6 6. c3 g6 7. d4 cxd4 8. cxd4 Bg7 9. Nc3 Nf6 10. Be3 O-O 11. e5 Ng4 12. exd6 Nxe3 13. fxe3 Qxd6 14. Qd2 e6 15. Ne4 Qb4 16. Rac1 Rad8 17. Qxb4 Nxb4 18.
Rc7 Nd5 19. Rxb7 Nxe3 20. Rc1 Nf5 21. Rxa7 Nxd4 22. Kf2 Nxf3 23. Kxf3 Bxb2 24. Rcc7 h6 25. Nc5 Bd4 26. Nd7 Bxa7 27. Rxa7 Ra8 28. Rc7 Rfc8 29. Rxc8+ Rxc8 30. a4 Rc3+ 31. Ke4 Rc4+ 32. Ke5 Rxa4 33. Kf6 Rf4+ 34. Ke7 Kg7 35. Ne5 Rf2 36. Ng4 Rxg2 37. Nf6 Rxh2 38. Ne8+ Kh7 39. Nf6+ Kg7 40. Ne8+ Kh8 41.
Kf8 Rf2 42. Nd6 h5 43. Ne4 Rf5 44. Nd6 h4 45. Ne4 h3 46. Ng3 Rh5 47. Ne4 h2 48. Nd6 Rf5 49. Nxf5 exf5 50. Ke7 h1=Q 51. Kf8 f4 52.
Ke7 f3 53. Kf8 f2 54. Ke7 f1=Q 55. Kf8 f5 56. Ke7 Qb7+ 57. Kf8 Qfa6 58. Ke8 Qaa8# 0-1

[Event "Early-Titled-Tuesday-Blitz-August-29-2023"]
[Site "Chess.com"]
[Date "2023.08.29"]
[Round "6"]
[White "AniJak"]
[Black "santosalberto1987"]
[Result "0-1"]
[WhiteElo "2377"]
[BlackElo "2552"]
[TimeControl "180+1"]
[EndTime "9:07:06 PDT"]
[Termination "santosalberto1987 won on time"]

1. e4 e6 2. d4 d5 3. Nc3 Nf6 4. Bg5 Bb4 5. Ne2 dxe4 6. a3 Be7 7. Bxf6 Bxf6 8. Nxe4 b6 9. Nxf6+ Qxf6 10. Ng3 Bb7 11. Qd2 Nd7 12. O-O-O O-O-O 13. Qc3 Kb8 14. f3 c5 15. Bb5 cxd4 16. Qb4 e5 17. Ne4 Bxe4 18. fxe4 Nc5 19. Rhf1 Qg6 20. a4 Qd6 21. Qc4 f6 22. a5 Rc8 23. axb6 axb6 24. Qa2 Qc7 25. Rf3 Nxe4 26.
Bd3 Nc5 27. Bf5 Rcd8 28. Ra3 Qb7 29. Bg4 e4 30. b4 Nd7 31. Rxd4 Ne5 32. Rxd8+ Rxd8 33. Be2 Rc8 34. Ra6 Nd3+ 35. Kb1 Nxb4 36. Qa4 Nxa6 37. Bxa6 Qc6 38. Qb3 Rc7 39. Bb5 Qc5 40. Qa4 e3 41. Bd3 Qc3 42. Qe4 Qe5 43. Qb4 Kb7 44. Be2 Qc5 45. Bf3+ Kb8 46. Qe4 Re7 47. Qa8+ Kc7 48. Qb7+ Kd6 49. Qb8+ Ke6 0-1

[Event "Early-Titled-Tuesday-Blitz-August-29-2023"]
[Site "Chess.com"]
[Date "2023.08.29"]
[Round "6"]
[White "vladislavkovalev"]
[Black "Vuk2000"]
[Result "1-0"]
[WhiteElo "2922"]
[BlackElo "2742"]
[TimeControl "180+1"]
[EndTime "9:07:07 PDT"]
[Termination "vladislavkovalev won by resignation"]

1. e4 e6 2. d4 d5 3. Nd2 Be7 4. e5 c5 5. c3 Nc6 6. Bd3 cxd4 7. cxd4 Bd7 8. Ne2 Nb4 9. Bb1 Bb5 10. Nf3 Rc8 11. Nc3 Ba6 12. a3 Nc6 13. Bd2 Qb6 14. Na4 Qc7 15. b4 Bc4 16. Nb2 b5 17. Nxc4 dxc4 18. O-O Rd8 19. Bc3 Nh6 20. Qe2 O-O 21.
Rd1 a5 22. bxa5 Nxa5 23. Bc2 Nc6 24. Rab1 Rb8 25. d5 exd5 26. Rxd5 b4 27. axb4 Nxb4 28. Bxb4 Rxb4 29. Rxb4 Bxb4 30. Rd4 Rc8 31. Qe4 g6 32. e6 Nf5 33. Rd7 Qc6 34. Qxc6 Rxc6 35. Bxf5 gxf5 36. exf7+ Kf8 37. Rd8+ Kxf7 38. Ne5+ Kf6 39.
Nxc6 Bc5 40. Rd2 Ke6 41. Kf1 h5 42. Ke2 h4 43. Nd4+ Ke5 44. Nb5 Bb4 45. Rc2 Kd5 46.
Nc3+ Kd4 47. Nd1 f4 48. Nb2 c3 49. Nd3 Bd6 50. Ra2 Kc4 51. Nc1 f3+ 52. gxf3 Bf4 53. Ra4+ 1-0

[Event "Early-Titled-Tuesday-Blitz-August-29-2023"]
[Site "Chess.com"]
[Date "2023.08.29"]
[Round "6"]
[White "dennisodessa"]
[Black "madmax011"]
[Result "1-0"]
[WhiteElo "2521"]
[BlackElo "2283"]
[TimeControl "180+1"]
[EndTime "9:07:08 PDT"]
[Termination "dennisodessa won by resignation"]

1. d4 Nf6 2. c4 e6 3. Nc3 Bb4 4. Qc2 b6 5. e4 c5 6. d5 exd5 7.
exd5 Qe7+ 8. Ne2 d6 9. h3 O-O 10. Be3 Ne4 11. a3 Bxc3+ 12. Nxc3 Ng3 13. Rg1 Nf5 14. Qe4 Qf6 15. O-O-O Bd7 16. Bd3 Re8 17. Qf4 Nxe3 18. fxe3 Qxf4 19. exf4 Na6 20. Rde1 Nc7 21. Kd2 g6 22. g4 a6 23. a4 a5 24. b3 Na6 25. Rxe8+ Rxe8 26. Re1 Rxe1 27. Kxe1 Nb4 28.
Bb1 Kg7 29. Kf2 h5 30. Kg3 hxg4 31. hxg4 Kf6 32. Nd1 Ke7 33. Ne3 Be8 34. Kh4 f6 35. Ng2 Kf7 36. Kg3 g5 37. Ne1 Ke7 38. Nf3 gxf4+ 39. Kxf4 Bd7 40. Nh4 Kf7 41. Bg6+ Kg7 42.
Bb1 Kf7 43. Nf3 Ke7 44. Nd2 Na6 45. Kg3 Nc7 46. Kh4 Kf7 47. Kh5 Kg7 48. Bf5 Bxf5 49. gxf5 Ne8 50. Ne4 Kf7 51. Kh6 Ke7 52. Kg6 Nc7 53.
Nxf6 b5 54. axb5 Nxb5 55. cxb5 c4 56. bxc4 a4 57. Ne4 a3 58. Nc3 a2 59. Nxa2 1-0

[Event "Early-Titled-Tuesday-Blitz-August-29-2023"]
[Site "Chess.com"]
[Date "2023.08.29"]
[Round "6"]
[White "druskacik"]
[Black "Carlitus2004"]
[Result "1/2-1/2"]
[WhiteElo "2653"]
[BlackElo "2517"]
[TimeControl "180+1"]
[EndTime "9:07:10 PDT"]
[Termination "Game drawn by stalemate"]

1. d4 d5 2. Bg5 Nf6 3. e3 c6 4. c3 Bf5 5. Bd3 Bxd3 6. Qxd3 Nbd7 7. Nf3 e6 8. Nbd2 Be7 9. O-O O-O 10. b4 Ne8 11. Bf4 Bd6 12. Bg3 Bxg3 13. hxg3 Nd6 14.
c4 dxc4 15. Nxc4 Nxc4 16. Qxc4 Nb6 17. Qc5 Qd5 18. a4 Nd7 19. Qxd5 cxd5 20. Rfc1 Rfc8 21. a5 a6 22. Nd2 e5 23. Nb3 exd4 24. exd4 Rc4 25.
Rxc4 dxc4 26. Nc5 Nxc5 27. dxc5 Rd8 28. Re1 Kf8 29. Re4 Rd1+ 30. Kh2 c3 31. Rc4 Rb1 32.
Rxc3 Rxb4 33. c6 bxc6 34. Rxc6 g6 35. Rxa6 Ra4 36. f3 h5 37. Ra8+ Kg7 38. a6 Ra1 39. g4 hxg4 40. f4 Ra3 41. Kg1 g3 42. Kf1 Ra2 43.
Rb8 Rxa6 44. Rb3 Rf6 45. Rxg3 Rxf4+ 46. Kg1 Kf6 47. Ra3 Kg5 48. Kh2 Kg4 49. Rg3+ Kh4 50. Rh3+ Kg5 51. Rg3+ Kh5 52. Rb3 Ra4 53. Rb8 Kg4 54. Rb3 f5 55. Rg3+ Kh5 56. Rh3+ Rh4 57. Kg3 Rxh3+ 58. Kxh3 g5 59. Kg3 f4+ 60. Kh3 g4+ 61. Kh2 g3+ 62. Kh3 Kg5 1/2-1/2

[Event "Early-Titled-Tuesday-Blitz-August-29-2023"]
[Site "Chess.com"]
[Date "2023.08.29"]
[Round "6"]
[White "pankajfm"]
[Black "expii"]
[Result "1/2-1/2"]
[WhiteElo "2095"]
[BlackElo "2251"]
[TimeControl "180+1"]
[EndTime "9:07:10 PDT"]
[Termination "Game drawn by repetition"]

1. d4 Nf6 2. Nc3 d6 3. e4 g6 4.
Be3 Bg7 5. f3 O-O 6. Qd2 Nbd7 7.
Bc4 e5 8. d5 a6 9. Nge2 Ne8 10.
Bg5 f6 11. Bh4 b5 12. Bd3 Nc5 13. O-O Nxd3 14. Qxd3 Bd7 15. a4 b4 16. Nd1 a5 17. b3 Qc8 18. Nb2 f5 19. Nc4 fxe4 20. fxe4 Nf6 21. Rf3 Bg4 22. Rf2 Nh5 23. Raf1 Rxf2 24.
Rxf2 Bxe2 25. Qxe2 Nf4 26. Qf3 h6 27. Bg3 g5 28.
Bxf4 gxf4 29. Qh5 Qd7 30. Rf3 Qf7 31. Qxf7+ Kxf7 32. Kf2 Bf6 33. h3 Bh4+ 34. Ke2 Bg3 35. Rd3 h5 36. Rd1 Ke7 37. Kf3 h4 38. Rd2 Kd7 39. Rd3 Kc8 40. Kg4 Kb7 41. Kf5 Ka6 42. Ke6 Rd8 43. Ke7 Ra8 44. Kd7 Kb7 45. Ke6 Ra6 46.
Kd7 Ra8 47. Rd1 Ra6 48. Ke6 Ra8 49. Rf1 Ka6 50. Rf3 Kb7 51. Kd7 Ra7 52. Ke6 Ra8 53. Kd7 Ra6 54. Ke6 Ra7 55. Kd7 Ra8 56. Ke6 Ra7 57.
Kd7 Ra8 58. Ke6 Ra7 1/2-1/2

[Event "Early-Titled-Tuesday-Blitz-August-29-2023"]
[Site "Chess.com"]
[Date "2023.08.29"]
[Round "6"]
[White "DreamsAreFake"]
[Black "NasirAkylbekov"]
[Result "1-0"]
[WhiteElo "2654"]
[BlackElo "2456"]
[TimeControl "180+1"]
[EndTime "9:07:11 PDT"]
[Termination "DreamsAreFake won by resignation"]

1. Nf3 Nf6 2. g3 b6 3. Bg2 Bb7 4. O-O e6 5. b3 Be7 6. Bb2 O-O 7. c4 d6 8. d3 Nbd7 9. Nbd2 Re8 10. Rc1 c5 11. e4 a5 12. Qe2 Qc7 13.
d4 Red8 14. d5 e5 15. a4 Nf8 16. Ne1 N6d7 17. f4 Bf6 18. Nd3 Re8 19. h4 exf4 20.
Bxf6 Nxf6 21. gxf4 Bc8 22. Rce1 Bg4 23. Qf2 h5 24. e5 N6h7 25. Ne4 dxe5 26. fxe5 Ng6 27.
Nd6 Rf8 28. Nb5 Qe7 29. d6 Qxh4 30. Bxa8 Qxf2+ 31. Nxf2 Rxa8 32. Nxg4 hxg4 33. e6 fxe6 34. Rxe6 Ngf8 35. Re7 Ng5 36. Rd1 Rd8 37. d7 Ngh7 38. Na7 Nf6 39. Nc6 Rxd7 40. Rdxd7 N8xd7 41. Ne5 Nxe5 42.
Rxe5 Kf7 43. Kg2 Nd7 44. Rd5 Ke6 45. Kg3 Nf6 46. Rd8 Kf5 47. Rb8 Ne4+ 48. Kg2 g5 49.
Rxb6 g3 50. Rb5 Kg4 51. Rxa5 Nf6 52. Rxc5 Nh5 53. a5 Nf4+ 54. Kh1 g2+ 55. Kh2 Kh4 56. Rxg5 Kxg5 57. a6 Ne6 58. a7 Nc7 59. b4 Kf4 60. b5 Kf3 61. Kg1 Kg3 62. b6 Ne6 63. a8=Q 1-0

[Event "Early-Titled-Tuesday-Blitz-August-29-2023"]
[Site "Chess.com"]
[Date "2023.08.29"]
[Round "6"]
[White "fastestmindalive"]
[Black "kuli4ik"]
[Result "1-0"]
[WhiteElo "2743"]
[BlackElo "2896"]
[TimeControl "180+1"]
[EndTime "9:07:12 PDT"]
[Termination "fastestmindalive won by checkmate"]

1. e4 Nf6 2. e5 Nd5 3. d4 d6 4.
Nf3 Nb6 5. exd6 cxd6 6. a4 g6 7. a5 N6d7 8. Bc4 Bg7 9. h4 h6 10. Be3 Nf6 11. Nbd2 Nc6 12. a6 bxa6 13. Bxa6 Bxa6 14.
Rxa6 Nb4 15. Ra4 a5 16. O-O O-O 17. c3 Nbd5 18. Nc4 Nb6 19. Nxb6 Qxb6 20. Qd2 Rfb8 21. b4 axb4 22. Rxb4 Qc6 23. Rxb8+ Rxb8 24. Bxh6 Bxh6 25.
Qxh6 Qxc3 26. Re1 Qd3 27. h5 Rb1 28. hxg6 Rxe1+ 29. Nxe1 Qxd4 30. gxf7+ Kxf7 31. Qc1 Ne4 32. Qc2 d5 33. Nf3 Qa1+ 34. Kh2 Qa7 35. Qd3 Qc7+ 36.
g3 Qc5 37. Ne5+ Ke6 38. Ng4 Kd7 39. Qf3 Qd4 40. Qf5+ Kd6 41. Qf4+ e5 42. Qf8+ Kc6 43. Kg2 Nd6 44. Qa8+ Kc7 45. Nf6 Nb7 46. Qe8 e4 47. Qd7+ Kb8 48. Nxd5 Nc5 49. Qd6+ Kb7 50. Qb6+ Kc8 51.
Qc7# 1-0

[Event "Early-Titled-Tuesday-Blitz-August-29-2023"]
[Site "Chess.com"]
[Date "2023.08.29"]
[Round "6"]
[White "Andrei_Skvortsov"]
[Black "Zq1"]
[Result "1/2-1/2"]
[WhiteElo "2691"]
[BlackElo "2539"]
[TimeControl "180+1"]
[EndTime "9:07:12 PDT"]
[Termination "Game drawn by repetition"]

1. e4 c5 2. d4 cxd4 3. Qxd4 Nc6 4. Qd3 g6 5. Nc3 Bg7 6. Nf3 Nf6 7. Be2 O-O 8. O-O d6 9. Nd5 e6 10. Nxf6+ Bxf6 11. c3 d5 12. Bh6 Re8 13. Rfd1 Qc7 14. Qe3 dxe4 15. Qxe4 e5 16. Qa4 Be6 17. Ng5 Bg7 18. Bxg7 Kxg7 19. Nxe6+ Rxe6 20. Bf3 Rae8 21. Be4 f5 22.
Bd5 R6e7 23. g3 e4 24. Bxc6 Qxc6 25. Qxc6 bxc6 26. Rd6 Re6 27. Rad1 Kf6 28. Rd7 R8e7 29. R1d6 Rxd6 30. Rxd6+ Re6 31. Rd4 c5 32. Rd5 Rb6 33.
b3 Ra6 34. Rxc5 Rxa2 35. h4 a5 36. Rc7 Rb2 37. Rb7 Ke5 38. Rb5+ Ke6 39. c4 h6 40. Rxa5 Rxb3 41. Ra6+ Kf7 42. c5 Rc3 43. Rc6 g5 44. h5 f4 45. gxf4 gxf4 46. Kf1 f3 47. Ke1 Rc2 48. Rxh6 Re2+ 49. Kd1 Rxf2 50. c6 e3 51. c7 e2+ 52. Kd2 Rf1 53. Re6 Rd1+ 54. Kc2 Kxe6 55. c8=Q+ Ke5 56. Qc5+ Ke4 57. Qe7+ Kf4 58. Qf6+ Ke3 59.
Qg5+ Kf2 60. Qh4+ Kg2 61. Qg4+ Kf2 62. Qh4+ Kg2 63. Qg4+ Kf2 64. Qh4+ 1/2-1/2

[Event "Early-Titled-Tuesday-Blitz-August-29-2023"]
[Site "Chess.com"]
[Date "2023.08.29"]
[Round "6"]
[White "ybothg"]
[Black "HElissalt"]
[Result "1-0"]
[WhiteElo "2491"]
[BlackElo "2360"]
[TimeControl "180+1"]
[EndTime "9:07:12 PDT"]
[Termination "ybothg won by resignation"]

1. d4 d5 2. Nf3 Nf6 3. Bf4 e6 4. e3 Bd6 5. Ne5 O-O 6. Nd2 b6 7. Bd3 Bb7 8. c3 Ne4 9. Bxe4 dxe4 10. Qh5 Nd7 11. Nxd7 Qxd7 12. Bxd6 cxd6 13. O-O f5 14. c4 e5 15. dxe5 dxe5 16. Nb3 Qe6 17. Rac1 f4 18. exf4 Rxf4 19. c5 Bd5 20. Rc3 Raf8 21. cxb6 axb6 22. Nd2 Rg4 23. Rh3 h6 24. Rg3 Rxg3 25. hxg3 e3 26.
fxe3 Rxf1+ 27. Kxf1 Bxa2 28. Qf3 Bc4+ 29. Ke1 Bd5 30. e4 Bc6 31. Qf2 Bb5 32. Qe3 Qc6 33. Qb3+ Kh7 34. Qc3 Qd6 35. Qb3 Qc6 36. Qc3 Qd6 37.
Nf3 Bc6 38. Qc4 b5 39. Qe2 b4 40. Qc4 Ba4 41. Kf2 Bc6 42. Kg1 Bb7 43. Kh2 Bc6 44.
b3 Bb7 45. g4 Bc6 46. Kg3 Bd7 47.
Qd5 Qxd5 48. exd5 e4 49. Nd2 e3 50. Nc4 e2 51. Kf2 Bxg4 52. Ne5 Bh5 53. d6 Be8 54. d7 Bxd7 55. Nxd7 Kg6 56. Ne5+ Kf6 57.
Nd3 Kf5 58. Nxb4 Ke4 59. Nc2 Kd3 60. b4 Kxc2 61. Kxe2 1-0

[Event "Early-Titled-Tuesday-Blitz-August-29-2023"]
[Site "Chess.com"]
[Date "2023.08.29"]
[Round "6"]
[White "XDPS"]
[Black "zabivol_mc"]
[Result "1-0"]
[WhiteElo "2847"]
[BlackElo "2564"]
[TimeControl "180+1"]
[EndTime "9:07:14 PDT"]
[Termination "XDPS won on time"]

1. e4 e5 2. Nf3 Nc6 3. Bb5 a6 4. Ba4 d6 5. Bxc6+ bxc6 6. d4 exd4 7. Nxd4 c5 8. Nf3 Bg4 9. h3 Bh5 10. O-O Nf6 11. Re1 Be7 12. e5 dxe5 13. Qxd8+ Rxd8 14. Nxe5 Rd1 15. Rxd1 Bxd1 16. Na3 O-O 17. Be3 Bh5 18. g4 Bg6 19. Nxg6 hxg6 20. Rd1 c6 21. Nc4 Nd5 22.
Na5 Bf6 23. Bxc5 Re8 24. Nxc6 Nf4 25. Be3 Nxh3+ 26. Kg2 Ng5 27. Bxg5 Bxg5 28. Kf3 Bf6 29. b4 Re6 30. Na5 Bc3 31. a3 Rf6+ 32. Kg2 Re6 33. Rd3 Bb2 34. c4 Re4 35. Kf3 f5 36.
gxf5 gxf5 37. c5 Re1 38. c6 Rc1 39. a4 Be5 40. Rd5 Bc7 41. Nb7 Rxc6 42. Nc5 g6 43. b5 axb5 44. axb5 Rb6 45. Nd7 Rb7 46. Rc5 Kf7 47. Rc6 Bh2 48. Nb6 Bc7 49. Nd5 Be5 50.
b6 g5 51. Ke2 g4 52. Ke3 Ke8 53. Re6+ Kd7 54. Rxe5 Kd6 55. Rxf5 Rg7 56. Kf4 Kc6 57. Kg3 Rg6 58. Ne7+ 1-0

[Event "Early-Titled-Tuesday-Blitz-August-29-2023"]
[Site "Chess.com"]
[Date "2023.08.29"]
[Round "6"]
[White "Jojo_898"]
[Black "ljm509"]
[Result "0-1"]
[WhiteElo "2420"]
[BlackElo "2252"]
[TimeControl "180+1"]
[EndTime "9:07:14 PDT"]
[Termination "ljm509 won on time"]

1. e4 e6 2. d4 d5 3. Nd2 dxe4 4.
Nxe4 Nd7 5. Nf3 Ngf6 6. Ng3 Bd6 7. Bd3 O-O 8. O-O c5 9. c3 h6 10. Re1 Qc7 11. Bc2 b6 12. Qe2 Bb7 13. Ne5 Rac8 14.
Bb3 cxd4 15. cxd4 Bd5 16. Bf4 Bxb3 17. axb3 Nd5 18. Bd2 Bxe5 19. dxe5 a5 20. Rac1 Qb7 21. Qg4 Kh7 22. Nh5 Rg8 23. Qf3 Rxc1 24. Bxc1 Nc5 25. Qh3 Qe7 26. f4 Rc8 27. f5 exf5 28. Qxf5+ g6 29.
Qf3 Nb4 30. Nf6+ Kh8 31. Qh3 h5 32. Qe3 Qf8 33. Qg5 Ncd3 34. Rd1 Rxc1 35. Rxc1 Nxc1 36. Qxc1 Kg7 37. h3 Qe7 38. Qg5 Qe6 39. Nxh5+ Kf8 40.
Qh6+ Ke7 41. Qg5+ Kd7 42. Nf6+ Kc7 43. Qc1+ Nc6 44. Qc3 Qxe5 45. Qf3 Qd4+ 46. Kh1 Ne5 47. Qg3 Qd1+ 48. Kh2 Qd6 49. Ne4 Qd4 50. Ng5 Kb7 0-1

[Event "Early-Titled-Tuesday-Blitz-August-29-2023"]
[Site "Chess.com"]
[Date "2023.08.29"]
[Round "6"]
[White "Firouzja2003"]
[Black "Andreikka"]
[Result "1-0"]
[WhiteElo "3091"]
[BlackElo "3029"]
[TimeControl "180+1"]
[EndTime "9:07:15 PDT"]
[Termination "Firouzja2003 won on time"]

1. e4 e5 2. Nf3 Nc6 3. Bb5 a6 4. Ba4 Nf6 5. O-O Be7 6. Re1 b5 7. Bb3 O-O 8. d3 d6 9. Bd2 h6 10. h3 Re8 11. a4 Rb8 12. axb5 axb5 13. Nc3 Bf8 14. Nd5 Be6 15. Ra6 Bxd5 16. exd5 Ne7 17. c4 Nd7 18. Ra7 bxc4 19. dxc4 Nc5 20. Ba4 Nc8 21. Rxc7 Qxc7 22. Bxe8 Nd3 23. Re4 f5 24.
Rh4 Qe7 25. Bg6 Qf6 26. Bh5 g6 27. Bxh6 Bxh6 28. Qxd3 gxh5 29. Rxh5 Ne7 30. Nh4 Bg5 31.
Qg3 Kf7 32. Qxg5 Qxg5 33. Rxg5 Rxb2 34. Rh5 Rc2 35. Nxf5 Kg6 36. g4 Nxf5 37. Rxf5 Rxc4 38. Kg2 Rd4 39. Kg3 Rxd5 40. h4 Rd1 41. h5+ Kg7 42.
Rg5+ Kh7 43. Rg6 d5 44. Rd6 e4 45. Kf4 Rd4 46. Kg5 Kg7 47. h6+ Kf7 48. h7 1-0

[Event "Early-Titled-Tuesday-Blitz-August-29-2023"]
[Site "Chess.com"]
[Date "2023.08.29"]
[Round "6"]
[White "Kildepiotr"]
[Black "mbojan"]
[Result "1/2-1/2"]
[WhiteElo "2672"]
[BlackElo "2889"]
[TimeControl "180+1"]
[EndTime "9:07:15 PDT"]
[Termination "Game drawn by repetition"]

1. Nf3 g6 2. g3 Bg7 3. d4 Nf6 4. Bg2 O-O 5. O-O d6 6. Nbd2 Nbd7 7. e4 e5 8. dxe5 dxe5 9. Qe2 c6 10. a4 b6 11. b3 Qc7 12. Rd1 Re8 13. Bb2 h6 14. Nc4 Ba6 15. Nfd2 Rad8 16. Qe1 Bf8 17. Ne3 Bb4 18.
c3 Bf8 19. b4 Bd3 20. f3 c5 21.
b5 c4 22. Bf1 Bc5 23. Kg2 Bxe3 24. Qxe3 Nc5 25. Ba3 Bxf1+ 26. Nxf1 Nb3 27. Rab1 Kg7 28. Qe2 Rd3 29. Rxd3 cxd3 30. Qxd3 Rd8 31. Qc2 Nd4 32. Qb2 Nxf3 33. Kxf3 Qc4 34. Qe2 Qxa4 35. Bb4 a6 36. bxa6 Rd7 37. Kg2 b5 38. Re1 Qxa6 39. Qf3 Qc6 40.
Re2 Qc4 41. Nd2 Qc6 42. Nb3 Rd1 43. Rf2 Qxe4 44. Qxe4 Nxe4 45. Re2 f5 46. Nc5 Nxc5 47. Bxc5 Rd5 48. Bb4 Kf6 49. Kf2 g5 50. Ke3 Rd1 51.
Rd2 f4+ 52. gxf4 gxf4+ 53. Ke2 Rh1 54. Kd3 Kf5 55. Re2 Rd1+ 56. Kc2 Rd7 57. Bc5 e4 58. Bd4 Re7 59. Kd2 Rd7 60. Kc2 b4 61. Kb3 bxc3 62.
Kxc3 Rc7+ 63. Kd2 Rd7 64. Kc3 Rc7+ 65. Kd2 Rd7 66. Kc3 1/2-1/2

[Event "Early-Titled-Tuesday-Blitz-August-29-2023"]
[Site "Chess.com"]
[Date "2023.08.29"]
[Round "6"]
[White "Ramosha"]
[Black "OlaaLa"]
[Result "1-0"]
[WhiteElo "2578"]
[BlackElo "2427"]
[TimeControl "180+1"]
[EndTime "9:07:16 PDT"]
[Termination "Ramosha won by checkmate"]

1. d4 f5 2. Nc3 Nf6 3. Bf4 d6 4.
Qd2 g6 5. O-O-O Bg7 6. f3 h6 7. e4 g5 8. Bg3 f4 9. Bf2 c6 10. d5 Nbd7 11. Nge2 c5 12. g3 fxg3 13. hxg3 Qa5 14.
f4 gxf4 15. gxf4 b5 16. Ng3 b4 17. Nb1 Ng4 18. Nf5 Bf6 19. Bc4 Ba6 20. Bxa6 Qxa6 21. e5 dxe5 22. fxe5 Bg5 23. Be3 Nxe3 24. Nxe3 O-O-O 25. Rhg1 Nxe5 26. Rxg5 hxg5 27. Qg2 Nf7 28. Rf1 Rhf8 29.
a3 Kb8 30. axb4 cxb4 31. Qg4 Rc8 32. Qxb4+ Ka8 33. Qxe7 Rfe8 34. Qxf7 Rxe3 35. Nc3 Rh3 36. Kd2 Rh2+ 37. Rf2 Rxf2+ 38. Qxf2 Qd6 39. Kd3 a6 40. Qf5 Rc7 41. Qxg5 Qc5 42. Qf4 Rd7 43. Qd4 Qe7 44. Ne4 Qh4 45. c4 Qh3+ 46. Qe3 Qf1+ 47. Kc3 Qd1 48. Nc5 Rc7 49. Nxa6 Rb7 50. Nc5 Rb8 51. Qd2 Qa1 52. Ne4 Qa5+ 53. Kd4 Qa4 54. Nc5 Qa7 55. b4 Qg7+ 56. Kd3 Qg6+ 57. Kc3 Qg3+ 58. Nd3 Qg7+ 59. Kb3 Rb7 60. Qc3 Qe7 61. c5 Qf7 62. Qc4 Rd7 63. d6 Qf3 64. b5 Qd1+ 65. Qc2 Qf3 66. Kb4 Ra7 67. Qc4 Qd1 68. Qg8+ Kb7 69. c6+ Kb6 70. Qb8+ Rb7 71. Qxb7# 1-0

[Event "Early-Titled-Tuesday-Blitz-August-29-2023"]
[Site "Chess.com"]
[Date "2023.08.29"]
[Round "6"]
[White "Kostukov_Alex"]
[Black "AquivaRubinstein"]
[Result "1/2-1/2"]
[WhiteElo "2367"]
[BlackElo "2476"]
[TimeControl "180+1"]
[EndTime "9:07:18 PDT"]
[Termination "Game drawn - insufficient material"]

1. g3 g6 2. Bg2 Bg7 3. Nf3 e5 4.
c4 e4 5. Ng1 f5 6. d3 exd3 7.
exd3 Nf6 8. Nf3 O-O 9. O-O Nc6 10.
Nc3 d6 11. d4 Ne4 12. Qd3 Nxc3 13. Qxc3 h6 14. b4 Qf6 15. Bb2 f4 16. Rab1 g5 17. Qb3 Qg6 18. d5 Ne5 19. Nxe5 dxe5 20. Rfe1 Bf5 21. Rbc1 Rae8 22. c5 g4 23. d6+ Kh8 24. dxc7 f3 25. Bf1 Qc6 26. Re3 Qxc7 27. Rce1 h5 28.
Bd3 h4 29. Bxf5 Rxf5 30. Qd3 Qf7 31. Qe4 Qh5 32. gxh4 Ref8 33. Qxb7 Qxh4 34. Bxe5 Rxe5 35. Rxe5 Qh3 36. Rh5+ Qxh5 37. Qc7 Qh3 38. Qg3 Qxg3+ 39. hxg3 Rb8 40. a3 a5 41. Re4 axb4 42. axb4 Bc3 43. Rxg4 Bxb4 44. Rc4 Ba3 45. Kh2 Rc8 46. c6 Bd6 47.
Kh3 Kg7 48. Kg4 Rc7 49. Kxf3 Kf6 50. Ke4 Ke6 51. f4 Rg7 52. f5+ Kf6 53. Kd5 Bxg3 54. Re4 Kxf5 55. Re8 Bc7 56. Rf8+ Kg6 57. Ke6 Rh7 58.
Rg8+ Kh6 59. Rg1 Rg7 60. Rxg7 Kxg7 61. Kd7 Bf4 62. c7 Bxc7 1/2-1/2